 Dungeon Crawl Stone Soup version 0.29-a0-284-gf9362112df (webtiles) character file.

Game seed: 3252451864609125175

452 Dabor the Covered (level 7, -2/44 HPs)
             Began as a Gargoyle Fighter on Mar 14, 2022.
             Was a Follower of the Shining One.
             Shot with an arrow by a centaur (7 damage)
             ... on level 4 of the Dungeon.
             The game lasted 00:04:37 (3538 turns).

Dabor the Covered (Gargoyle Fighter)                Turns: 3538, Time: 00:04:38

Health: -2/44      AC: 13    Str: 28    XL:     7   Next: 4%
Magic:  14/17      EV: 10    Int:  8    God:    the Shining One [*.....]
Gold:   137        SH:  6    Dex:  9    Spells: 6/6 levels left

rFire   . . .      SeeInvis +   q - +9 quarterstaff "Feohuen" {flame, *Slow rN+++ rCorr Str+2}
rCold   . . .      Faith    .   (shield currently unavailable)
rNeg    + + +      Spirit   .   b - +0 scale mail
rPois   ∞          Reflect  .   t - +0 hat of the Forest {MP+9 Str+4}
rElec   +          Harm     .   (no cloak)
rCorr   +          Rampage  .   s - +0 pair of gloves
Will    .....                   (no boots)
Stlth   ..........              (no amulet)
HPRegen 0.14/turn               e - ring of see invisible
MPRegen 0.15/turn               (no ring)

@: divinely shielded, glowing
A: sickness immunity, AC +4, negative energy resistance 1, electricity
resistance, torment resistance 1, petrification resistance
a: Renounce Religion, Divine Shield


You were on level 4 of the Dungeon.
You worshipped the Shining One.
The Shining One was aware of your devotion.
You visited 1 branch of the dungeon, and saw 4 of its levels.

You collected 137 gold pieces.

Inventory:

Hand Weapons
 a - a +0 flail
 q - the +9 quarterstaff "Feohuen" (weapon) {flame, *Slow rN+++ rCorr Str+2}
   (You found it on level 3 of the Dungeon)

   It burns those it strikes, dealing additional fire damage.
   Str:       It affects your strength (+2).
   rN:        It renders you almost immune to negative energy.
   rCorr:     It protects you from acid and corrosion.
   *Slow:     It may slow you when you take damage.
Armour
 b - a +0 scale mail (worn)
 c - a +0 buckler
 s - a +0 pair of gloves (worn)
 t - the +0 hat of the Forest (worn) {MP+9 Str+4}
   (You found it on level 4 of the Dungeon)

   Str:       It affects your strength (+4).
   MP:        It affects your magic capacity (+9).
Jewellery
 e - a ring of see invisible (left hand)
 h - an amulet of magic regeneration
 n - an amulet of faith
Wands
 r - a wand of paralysis (9)
Scrolls
 g - 2 scrolls of identify
 k - 2 scrolls of noise
 l - 3 scrolls of blinking
 w - a scroll of immolation {unknown}
Potions
 d - 2 potions of might
 f - a potion of degeneration {unknown}
 i - a potion of heal wounds {unknown}
 j - a potion of lignification {unknown}
 m - 2 potions of magic {unknown}
 o - a potion of resistance {unknown}
 p - a potion of flight {unknown}
 u - a potion of curing {unknown}
 v - a potion of attraction {unknown}


   Skills:
 + Level 4.8 Fighting
 + Level 3.7 Maces & Flails
 + Level 4.8 Armour
 + Level 1.8 Dodging
 - Level 4.0 Shields
 + Level 2.5 Invocations


You had 6 spell levels left.
You didn't know any spells.
Your spell library contained the following spells:

 Spells                   Type           Power      Damage    Failure   Level
 Summon Small Mammal      Summ           0%         N/A       65%         1
 Corpse Rot               Necr/Air       0%         N/A       80%         2
 Call Canine Familiar     Summ           0%         N/A       95%         3
 Summon Guardian Golem    Hex/Summ       0%         N/A       95%         3
 Dispel Undead            Necr           0%         3d6       100%        4
 Death Channel            Necr           0%         N/A       100%        6


Dungeon Overview and Level Annotations

Branches:
Dungeon (4/15)
 Temple: D:4-7

Altars:
Cheibriados
Ru
The Shining One


Innate Abilities, Weirdness & Mutations

You are immune to sickness and miasma.
Your stone body is resilient. (AC +4)
You are immune to poison.
You resist negative energy. (rN+)
You are resistant to electric shocks. (rElec)
You are resistant to unholy torment.
You are immune to petrification.


Message History

A centaur comes into view.
The centaur shouts!
The centaur wields a +0 shortbow.
The centaur shoots an arrow.
The arrow hits you.
Edmund the Younger comes into view.
He is wielding a +3 flail of holy wrath.
The centaur moves out of view.
Edmund shouts!
A bullfrog comes into view.
Edmund barely misses you.
You hit Edmund. You burn Edmund.
Edmund is lightly wounded.
The bullfrog swells and bulges.
Edmund hits you with a +3 flail of holy wrath!
Edmund hits you with a +3 flail of holy wrath.
You sock Edmund! You burn Edmund!
Edmund is severely wounded.
Edmund hits you with a +3 flail of holy wrath!
* * * LOW HITPOINT WARNING * * *
Okay, then.
A divine shield forms around you!
Edmund hits you with a +3 flail of holy wrath.
* * * LOW HITPOINT WARNING * * *
You hit Edmund. You burn Edmund.
Edmund is severely wounded.
You block Edmund's attack.
You sock Edmund! You burn Edmund.
Edmund is almost dead.
Edmund closely misses you.
You completely miss Edmund.
Edmund is almost dead.
You block Edmund's attack.
The bullfrog releases a deep croak.
You hit Edmund. You burn Edmund.
You kill Edmund!
The centaur shoots an arrow.
You block the arrow.
The centaur shoots an arrow.
The arrow hits you.
* * * LOW HITPOINT WARNING * * *
You have reached level 7!
The centaur shoots an arrow.
The arrow hits you!
You die...

#.# .# #.# #.# #.# #.#
#.# #.# ####.## #.###
##.#...# #.#.##
###...#.########....####
.......................+
##....#.#..#####@...###
#...##.#..##........#
#÷.#...#..##.##)###.#
#..#.###..## #c# #
#..#.###..# .F.
#.........# #.#
##........# #.#
###...#### #.# #####.#.#
#.#


You could see a bullfrog and a centaur.

Vanquished Creatures
  Grinder (D:4)
  Edmund (D:4)
  An iron imp (D:3)
  An orc wizard (D:4)
  4 adders (D:2)
  4 worms (D:2)
  A dart slug (D:3)
  5 orcs
  4 bats
  2 endoplasms (D:1)
  A goblin (D:2)
  3 hobgoblins
  2 jackals (D:2)
  A quokka (D:1)
  4 ball pythons
  4 frilled lizards
  3 kobolds
  6 rats
48 creatures vanquished.

Notes
Turn   | Place    | Note
-------+----------+-------------------------------------------
     0 | D:1      | Dabor the Gargoyle Fighter began the quest for the Orb.
     0 | D:1      | Reached XP level 1. HP: 14/14 MP: 1/1
   244 | D:1      | Reached XP level 2. HP: 10/19 MP: 2/2
  1023 | D:2      | Reached XP level 3. HP: 5/24 MP: 3/3
  1619 | D:2      | Reached XP level 4. HP: 27/29 MP: 4/4
  1641 | D:2      | Found a faded altar of an unknown god.
  1669 | D:2      | Prayed at the altar of an unknown god.
  1669 | D:2      | Became a worshipper of the Shining One
  1669 | D:2      | Reached * piety under the Shining One
  2240 | D:3      | Found a snail-covered altar of Cheibriados.
  2307 | D:3      | Reached XP level 5. HP: 16/33 MP: 5/5
  2616 | D:3      | Identified the +9 quarterstaff "Feohuen" {flame, *Slow
                  | rN+++ rCorr Str+2}
  3097 | D:4      | Found a sacrificial altar of Ru.
  3107 | D:4      | Reached skill level 1 in Invocations
  3189 | D:4      | Identified the +0 hat of the Forest {MP+9 Str+4}
  3443 | D:4      | Noticed Grinder
  3450 | D:4      | Killed Grinder
  3451 | D:4      | Reached skill level 1 in Dodging
  3451 | D:4      | Reached XP level 6. HP: 39/39 MP: 7/7
  3528 | D:4      | Noticed Edmund
  3537 | D:4      | Killed Edmund
  3538 | D:4      | Reached XP level 7. HP: 4/44 MP: 8/8
  3538 | D:4      | Shot with an arrow by a centaur

Illustrated notes

Levels and vault maps discovered:
D:1:      ebering_trefoil_3fold, layout_loops_corners, minmay_tetromino_o2
D:2:      layout_basic, ebering_ecumenical_altar_abandoned
D:3:      layout_basic, slow_altar_1
D:4:      layout_loops_corners, nicolae_ru_great_annihilating_truth,
          uniq_grinder, uniq_edmund

Skill      XL: |  1  2  3  4  5 |
---------------+----------------+-----
Shields        | 4 |  4.0
Fighting       | 4 |  4.8
Armour         | 4 |  4.8
Maces & Flails | 3 |  3.7
Invocations    | 2 |  2.5
Dodging        | 1 |  1.8

Action                   |  1- 3 |  4- 6 |  7- 9 || total
-------------------------+-------+-------+-------++-------
Melee: Flail             |   118 |    38 |       ||   156
       Quarterstaff      |       |    19 |       ||    19
Invok: Divine Shield     |       |     1 |       ||     1
  Use: Scroll            |       |     3 |       ||     3
Armor: Scale mail        |    60 |    12 |       ||    72
Dodge: Dodged            |    67 |    30 |       ||    97
Block: Buckler           |    28 |     7 |       ||    35
       Other             |       |     3 |       ||     3

Table legend: (Time is in decaauts)
 A = Elapsed time spent in this place.
 B = Non-inter-level travel time spent in this place.
 C = Inter-level travel time spent in this place.
 D = Time resting spent in this place.
 E = Time spent auto-exploring this place.
 F = Levels seen in this place.
 G = Mean time per level.
                   A        B        C        D        E       F      G
               +--------+--------+--------+--------+--------+-----+--------+
         Total |   3592 |   3203 |    389 |     48 |   2615 |   4 |  898.0 |
       Dungeon |   3592 |   3203 |    389 |     48 |   2615 |   4 |  898.0 |
               +--------+--------+--------+--------+--------+-----+--------+

Top non-repeatable levels by time:
     D:2: 1362 daAuts
     D:1: 979 daAuts
     D:4: 715 daAuts
     D:3: 535 daAuts
